 Dungeon Crawl Stone Soup version 0.28.0-53-g5a82cb258f (webtiles) character file.

Game seed: 9501052868474016122

42846 cbfl8 the Cleaver (level 13, -11/175 HPs)
             Began as a Minotaur Berserker on July 23, 2022.
             Was a High Priest of Trog.
             Mangled by a skeletal warrior
             ... wielding a +2 scimitar of protection
             ... led by a skeletal warrior
              (15 damage)
             ... on level 14 of the Dungeon.
             The game lasted 00:25:40 (22251 turns).

cbfl8 the Cleaver (Minotaur Berserker)             Turns: 22251, Time: 00:25:40

Health: -11/175    AC: 20    Str: 24    XL:     13   Next: 87%
Magic:  12/12      EV: 11    Int:  4    God:    Trog [*****.]
Gold:   915        SH:  0    Dex: 13    Spells: 12/12 levels left

rFire   . . .      SeeInvis +   T - +5 battleaxe (spect)
rCold   . . .      Faith    .   (shield currently unavailable)
rNeg    + . .      Spirit   .   b - +0 plate armour
rPois   .          Reflect  .   (helmet restricted)
rElec   .          Harm     .   v - +1 cloak
rCorr   .          Rampage  .   M - +1 pair of gloves {Stlth+}
Will    .....                   (no boots)
Stlth   ..........              (no amulet)
HPRegen 0.39/turn               O - ring of positive energy
MPRegen 0.13/turn               N - ring of see invisible

@: berserking, studying Crossbows, very quick
A: horns 2, retaliatory headbutt
a: Renounce Religion, Berserk, Trog's Hand, Brothers in Arms


You were on level 14 of the Dungeon.
You worshipped Trog.
Trog was extremely pleased with you.
You visited 1 branch of the dungeon, and saw 14 of its levels.
You also visited: Ossuary and Bailey.

You collected 1015 gold pieces.
You spent 100 gold pieces at shops.

Inventory:

Hand Weapons
 o - the +6 mace "Zoaresh" {elec, Str+4 Dex+4}
   (You found it on level 5 of the Dungeon)

   It occasionally discharges a powerful burst of electricity upon striking a
   foe.
   Str:       It affects your strength (+4).
   Dex:       It affects your dexterity (+4).
 T - a +5 spectral battleaxe (weapon)
Missiles
 z - 2 throwing nets
Armour
 b - a +0 plate armour (worn)
 h - a +2 ring mail of poison resistance
 t - a +0 chain mail
 v - a +1 cloak (worn)
 M - a +1 pair of gloves of stealth (worn)
Jewellery
 y - a ring of protection from cold
 I - a ring of protection from cold
 N - a ring of see invisible (right hand)
 O - a ring of positive energy (left hand)
Wands
 q - a wand of acid (2)
 B - a wand of flame (52) (quivered)
 E - a wand of iceblast (12)
 K - a wand of paralysis (3)
Scrolls
 c - 2 scrolls of noise
 d - 11 scrolls of teleportation
 i - a scroll of acquirement {unknown}
 j - 2 scrolls of summoning
 k - a scroll of torment {unknown}
 p - 2 scrolls of blinking
 s - 2 scrolls of immolation
 u - 2 scrolls of amnesia {unknown}
 x - a scroll of enchant armour {unknown}
 G - 7 scrolls of fear
 H - 3 scrolls of enchant weapon
 L - 2 scrolls of vulnerability
 R - a scroll of magic mapping
 S - a scroll of fog
Potions
 a - a potion of magic {unknown}
 e - a potion of resistance {unknown}
 f - a potion of curing
 g - 2 potions of lignification
 l - 4 potions of mutation
 n - 2 potions of brilliance
 r - 6 potions of heal wounds {unknown}
 w - a potion of ambrosia {unknown}
 A - 2 potions of degeneration {unknown}
 C - 4 potions of attraction
 D - 3 potions of might
 F - a potion of haste {unknown}
 P - 2 potions of cancellation {unknown}
Miscellaneous
 Q - a condenser vane


   Skills:
 + Level 11.8 Fighting
 + Level 12.6(14.1) Axes
 + Level 4.4(9.3) Maces & Flails
 + Level 9.1(12.1) Polearms
 + Level 11.4 Armour
 * Level 11.5 Dodging
 * Level 9.1 Stealth
 * Level 6.4 Evocations


You had 12 spell levels left.
You didn't know any spells.
Your spell library was empty.

Dungeon Overview and Level Annotations

Branches:
Dungeon (14/15)            Temple (0/1) D:4            Lair (0/6) D:8
    Orc (0/2) D:12        Ossuary (visited)          Bailey (visited)
 Vaults: D:13-14

Altars:
Makhleb
Trog
Xom

Shops:
D:3 :*?   D:8 [   D:10 (


Innate Abilities, Weirdness & Mutations

You have a pair of horns on your head.
You reflexively headbutt those who attack you in melee.


Message History

Unknown command.
You slash the skeletal warrior!
The skeletal warrior is lightly damaged.
You hit the skeletal warrior.
The skeletal warrior hits you from afar with a +0 glaive.
The skeletal warrior hits you with a +2 scimitar of protection!
* * * LOW HITPOINT WARNING * * *
Unknown command.
You barely miss the skeletal warrior.
You headbutt the skeletal warrior, but do no damage.
The skeletal warrior is lightly damaged.
You hit the skeletal warrior but do no damage.
The skeletal warrior closely misses you.
You barely miss the skeletal warrior.
The skeletal warrior is lightly damaged.
You slash the skeletal warrior!
The skeletal warrior hits you from afar with a +0 glaive.
* * * LOW HITPOINT WARNING * * *
The skeletal warrior barely misses you. You furiously retaliate!
You headbutt the skeletal warrior.
The skeletal warrior hits you but does no damage.
You hit the skeletal warrior.
The skeletal warrior is lightly damaged.
You slice the skeletal warrior!! The skeletal warrior barely misses you.
The skeletal warrior hits you with a +2 scimitar of protection!!
* * * LOW HITPOINT WARNING * * *
Unknown command.
Unknown command.
You closely miss the skeletal warrior.
The skeletal warrior is lightly damaged.
You hit the skeletal warrior.
The skeletal warrior hits you with a +0 war axe!
* * * LOW HITPOINT WARNING * * *
You slash the skeletal warrior! You headbutt the skeletal warrior.
The skeletal warrior is heavily damaged.
You barely miss the skeletal warrior.
The skeletal warrior hits you from afar with a +0 glaive.
* * * LOW HITPOINT WARNING * * *
The skeletal warrior hits you with a +2 scimitar of protection!
You die...

####### .......
#####).....#
#...@zz.....
#############.###z.###..
## ........##....# ..#
#.. #.. ..
###.#.#.##.######..#
#(.##..# ##<
#.#.#.............
....... ..
#.#.#..#.####......
.....# ##. ###.#.#..###
#...##### #...###..
.........# + #...# ..#
#...##.#. ###.#....#.#
#...#...####...#.###


You could see 3 skeletal warriors.

Vanquished Creatures
  Harold (D:8)
  Fannar (D:12)
  4 hydras
  2 vault guards (Bailey)
  A boulder beetle (D:12)
  6 two-headed ogres
  2 centaur warriors
  A tengu warrior (D:13)
  A skeletal warrior (D:14)
  5 deep elf pyromancers
  Pikel (D:4)
  5 manticores
  5 cyclopes
  An ugly thing (D:13)
  Maurice (D:12)
  A centaur zombie (D:11)
  An unseen horror (D:11)
  A gargoyle (D:14)
  2 kobold demonologists (D:12)
  3 komodo dragons
  3 trolls
  Grinder (D:3)
  4 slime creatures (D:12)
  Prince Ribbit (D:8)
  A blink frog (Bailey)
  Eustachio (D:4)
  A vampire (D:11)
  4 wraiths
  4 humans (Bailey)
  2 wyverns
  12 yaks
  5 vampire mosquitoes
  A steam dragon (D:6)
  3 acid dragons
  Duvessa (D:5)
  A water moccasin (D:6)
  7 orc warriors
  3 sky beasts
  3 black bears
  A necrophage (D:6)
  2 ogres
  A hornet zombie (D:7)
  5 centaurs
  A lemure (D:4)
  4 kobold brigands
  9 bullfrogs
  A gnoll sergeant (D:7)
  4 scorpions
  A water moccasin zombie (D:5)
  A wyvern skeleton (D:5)
  Dowan (D:5)
  8 wights
  3 howler monkeys
  A bullfrog zombie (D:5)
  A human zombie (D:7)
  7 orc priests
  A centaur skeleton (D:5)
  3 hounds
  2 jellies
  Crazy Yiuf (D:5)
  2 bullfrog skeletons
  3 iguanas
  6 orc wizards
  2 human skeletons (D:7)
  A killer bee zombie (D:5)
  A hound zombie (D:5)
  4 howler monkey zombies
  Robin (D:3)
  6 gnolls
  6 adders
  A white imp (D:5)
  An adder zombie (Ossuary)
  A worm (D:3)
  A dart slug (D:5)
  39 orcs
  11 ball pythons
  4 bats
  8 endoplasms
  11 giant cockroaches
  8 hobgoblins
  4 quokkas
  3 frilled lizards
  26 goblins
  A hobgoblin skeleton (Ossuary)
  A hobgoblin zombie (Ossuary)
  28 kobolds
  2 kobold zombies (Ossuary)
  7 orc skeletons
  11 rats
361 creatures vanquished.

Vanquished Creatures (others)
  4 demonic plants (D:1)
  2 plants (D:8)
  A withered plant (D:1)
7 creatures vanquished.

Grand Total: 368 creatures vanquished

Notes
Turn   | Place    | Note
-------+----------+-------------------------------------------
     0 | D:1      | cbfl8 the Minotaur Berserker began the quest for the Orb.
     0 | D:1      | Reached XP level 1. HP: 19/19 MP: 0/0
    68 | D:1      | Reached skill level 4 in Axes
    68 | D:1      | Reached XP level 2. HP: 27/27 MP: 1/1
    88 | D:1      | Found a faded altar of an unknown god.
   550 | D:1      | Reached XP level 3. HP: 34/34 MP: 2/2
  1092 | D:2      | Reached ** piety under Trog
  1797 | D:3      | Reached XP level 4. HP: 41/41 MP: 3/3
  1982 | D:3      | Found Geepp's General Store.
  2031 | D:3      | Reached skill level 1 in Stealth
  2152 | D:3      | Noticed a moth of wrath
  2153 | D:3      | Noticed Grinder
  2161 | D:3      | Paralysed by Grinder for 2 turns
  2195 | D:3      | Paralysed by Grinder for 4 turns
  2211 | D:3      | Killed Grinder
  2212 | D:3      | Reached skill level 5 in Axes
  2212 | D:3      | Reached XP level 5. HP: 47/47 MP: 4/4
  2212 | D:3      | Reached XP level 6. HP: 53/53 MP: 5/5
  2292 | D:3      | Found a bloodstained altar of Trog.
  2343 | D:3      | Found Huoruorgh's Book Shoppe.
  2492 | D:3      | Noticed Robin
  2497 | D:3      | Killed Robin
  2580 | D:3      | Identified the +0 leather armour of Vexation {+Inv}
  3048 | D:3      | Found Tung's Magic Scroll Emporium.
  3053 | D:3      | Bought a scroll of teleportation for 30 gold pieces
  3053 | D:3      | Bought a scroll of teleportation for 30 gold pieces
  3053 | D:3      | Bought 2 scrolls of identify for 40 gold pieces
  3080 | D:3      | Reached skill level 6 in Axes
  3791 | D:4      | Noticed Eustachio
  3799 | D:4      | Killed Eustachio
  3799 | D:4      | Reached *** piety under Trog
  3800 | D:4      | Reached skill level 5 in Fighting
  3800 | D:4      | Reached XP level 7. HP: 61/61 MP: 6/6
  4096 | D:4      | Identified the +4 trident "Sarcophage" {vamp, rN+}
  4130 | D:4      | Found a staircase to the Ecumenical Temple.
  4202 | D:4      | Reached skill level 7 in Axes
  4313 | D:4      | Noticed Pikel
  4322 | D:4      | Killed Pikel
  4323 | D:4      | Reached skill level 5 in Armour
  4323 | D:4      | Reached skill level 5 in Dodging
  4323 | D:4      | Reached XP level 8. HP: 67/70 MP: 7/7
  4501 | D:5      | Entered Level 5 of the Dungeon
  4648 | D:5      | Found a runed translucent door.
  4649 | D:5      | Noticed Crazy Yiuf
  4650 | D:5      | Identified the +6 mace "Zoaresh" {elec, Str+4 Dex+4}
  5251 | D:5      | Reached XP level 9. HP: 75/78 MP: 8/8
  5355 | D:5      | Noticed Duvessa
  5360 | D:5      | Noticed Dowan
  5362 | D:5      | Killed Duvessa
  5363 | D:5      | Reached skill level 5 in Polearms
  5370 | D:5      | Killed Dowan
  5851 | D:5      | Reached skill level 8 in Axes
  5851 | D:5      | Reached XP level 10. HP: 90/90 MP: 9/9
  5855 | D:5      | Killed Crazy Yiuf
  6855 | D:7      | Reached **** piety under Trog
  6908 | D:7      | Found a sand-covered staircase.
  6916 | Ossuary  | Entered an ossuary
  8614 | D:8      | Found Uxzu's Armour Emporium.
  8647 | D:8      | Found a flagged portal.
  8657 | Bailey   | Entered a bailey
  8669 | Bailey   | Reached skill level 9 in Axes
  8706 | Bailey   | Reached XP level 11. HP: 84/97 MP: 10/10
  8756 | Bailey   | Noticed a vault guard
  8765 | Bailey   | Killed a vault guard
  9311 | Bailey   | Reached ***** piety under Trog
  9344 | Bailey   | Noticed a vault guard
  9353 | Bailey   | Killed a vault guard
 10161 | D:8      | Reached skill level 10 in Fighting
 10161 | D:8      | Reached skill level 10 in Axes
 10161 | D:8      | Reached XP level 12. HP: 107/107 MP: 11/11
 10257 | D:8      | Noticed Harold
 10267 | D:8      | Killed Harold
 10268 | D:8      | Reached skill level 10 in Dodging
 10436 | D:8      | Noticed Prince Ribbit
 10440 | D:8      | Killed Prince Ribbit
 10552 | D:8      | Found a staircase to the Lair.
 11571 | D:9      | Noticed a two-headed ogre
 11577 | D:9      | Killed a two-headed ogre
 12175 | D:10     | Entered Level 10 of the Dungeon
 12788 | D:10     | Found Innocod's Weapon Emporium.
 13008 | D:10     | Noticed a two-headed ogre
 13015 | D:10     | Killed a two-headed ogre
 13610 | D:11     | Reached skill level 11 in Axes
 14540 | D:11     | Reached skill level 5 in Evocations
 16076 | D:12     | Noticed a boulder beetle
 16076 | D:12     | Noticed Fannar
 16405 | D:11     | Reached XP level 13. HP: 84/116 MP: 12/12
 16817 | D:12     | Killed Fannar
 16856 | D:12     | Reached skill level 10 in Armour
 17298 | D:12     | Noticed Maurice
 17321 | D:12     | Killed Maurice
 17733 | D:12     | Reached skill level 12 in Axes
 17819 | D:12     | Found a staircase to the Orcish Mines.
 18778 | D:12     | Found a shimmering altar of Xom.
 20899 | D:14     | Noticed an Executioner
 20899 | D:14     | Found a burning altar of Makhleb.
 21187 | D:14     | Received a gift from Trog
 22251 | D:14     | HP: 4/175 [skeletal warrior/+0 glaive (6)]
 22251 | D:14     | Mangled by a skeletal warrior

Illustrated notes

Levels and vault maps discovered:
D:1:      amcnicky_arrival_blooded_trapdoor, layout_loops_ring,
          shapermc_ecumenical_altar_gd, kennysheep_nondescript
D:2:      layout_loops_cross, minmay_door_square, serial_park_tiny_1
D:3:      layout_loops_corners, tgw_trog, serial_shops, nicolae_shop_trees,
          shop, shop_statue, uniq_grinder, uniq_robin
D:4:      layout_loops_cross, minmay_temple_entry_mist, uniq_eustachio,
          uniq_pikel
D:5:      layout_basic, kennysheep_path_1, minmay_manual_monstrance,
          uniq_crazy_yiuf_cottage, uniq_duvessa
D:6:      layout_loops_ring
D:7:      layout_basic, nicolae_ossuary_entry_catacombs,
          nicolae_figureground_sparkle
D:8:      layout_loops_ring, david_lair_shrubbed, enter_bailey_5, serial_shops,
          shop, uniq_harold, uniq_prince_ribbit1
D:9:      layout_basic
D:10:     layout_gridville, serial_co_window_serial, co_window_of_opportunity_a,
          co_window_paths_a, co_window_of_opportunity_a, co_window_corner_a,
          co_window_corner_a, co_window_paths_a, co_window_paths_b,
          co_window_paths_b, co_window_corner_a, co_window_corner_b,
          co_window_2corner, co_window_2corner, co_window_2corner,
          co_window_paths_e, glass_columns_a, glass_columns_a, glass_columns_b,
          glass_columns_a, glass_columns_c, serial_shops, shop_statue
D:11:     layout_layer_cave
D:12:     layout_cave_pools, david_orc_2, tgw_xom, uniq_maurice, uniq_fannar
D:13:     layout_gridville
D:14:     layout_loops_ring, david_vaults_1, st_stairs_2,
          makhleb_altar_promises_db

Skill      XL: |  1  2  3  4  5  6  7  8  9 10 11 12 13 |
---------------+----------------------------------------+-----
Axes           | 4 5 6 7 8 9 10 11 12 | 12.6
Fighting       | 4 5 6 8 9 10 11 | 11.8
Dodging        | 3 4 5 6 8 9 10 11 | 11.5
Stealth        | 1 2 3 4 6 7 8 9 |  9.1
Armour         | 3 4 5 7 8 9 11 | 11.4
Polearms       | 2 4 7 8 9 |  9.1
Maces & Flails | 3 4 |  4.4
Evocations     | 2 4 5 6 |  6.4

Action                   |  1- 3 |  4- 6 |  7- 9 | 10-12 | 13-15 || total
-------------------------+-------+-------+-------+-------+-------++-------
Melee: Hand axe          |    83 |       |       |       |       ||    83
       Headbutt          |     9 |    13 |    21 |    89 |    43 ||   175
       Battleaxe         |       |   121 |     6 |   217 |   126 ||   470
       Trident           |       |       |   117 |   193 |       ||   310
       Punch             |       |       |     1 |     5 |       ||     6
       Mace              |       |       |       |       |    24 ||    24
Invok: Berserk           |       |     3 |     2 |     7 |     6 ||    18
       Trog's Hand       |       |       |       |       |     1 ||     1
Evoke: Wand              |       |       |       |    16 |     1 ||    17
  Use: Scroll            |       |     3 |     1 |    16 |     6 ||    26
       Potion            |       |       |     1 |     2 |     1 ||     4
 Stab: Sleeping          |       |     1 |     2 |       |       ||     3
       Distracted        |       |       |       |     5 |     1 ||     6
Armor: Animal skin       |     8 |       |       |       |       ||     8
       Ring mail         |    11 |    38 |    23 |       |       ||    72
       Chain mail        |       |       |    10 |    60 |       ||    70
       Plate armour      |       |       |       |   140 |   134 ||   274
Dodge: Dodged            |    59 |    70 |    64 |   177 |   148 ||   518
